 Seeded DCSS version 0.29.0-5-ge4962eb29e (webtiles) character file.

Game seed: 1 (custom seed)

70406 Kazon the Basher (level 14, -8/124 HPs)
             Began as a Demigod Fighter on Aug 26, 2022.
             Mangled by a radroach (20 damage)
             ... on level 1 of the Spider Nest on Aug 29, 2022.
             The game lasted 01:32:55 (16519 turns).

Kazon the Basher (Demigod Fighter)                 Turns: 16519, Time: 01:32:55

Health: -8/124     AC: 28    Str: 29    XL:     14   Next: 52%
Magic:  17/17      EV:  4    Int:  9    God:
Gold:   1313       SH: 16    Dex: 20    Spells: 13/13 levels left

rFire   . . .      SeeInvis .   q - +6 shillelagh "Devastator" {shatter}
rCold   . . .      Faith    .   L - +0 tower shield
rNeg    . . .      Spirit   .   p - -1 crystal plate armour
rPois   +          Reflect  .   E - +0 helmet
rElec   +          Harm     .   O - +0 cloak
rCorr   .          Rampage  ∞   (no gloves)
Will    ++...                   Y - +3 pair of seven-league boots {Rampage+∞}
Stlth   ..........              j - amulet of regeneration
HPRegen 1.10/turn               X - ring of Propriety {Fly rElec Will+}
MPRegen 0.15/turn               w - +4 ring of slaying

@: flying, contaminated, glowing
A: high MP 1, forlorn, divine attributes, iridescent scales 1, poison
resistance, strong 1
a: no special abilities


You were on level 1 of the Spider Nest.
You visited 3 branches of the dungeon, and saw 19 of its levels.

You collected 2477 gold pieces.
You spent 1164 gold pieces at shops.

Inventory:

Hand Weapons
 f - a +4 scimitar of flaming
 q - the +6 shillelagh "Devastator" (weapon) {shatter}
   (You found it on level 6 of the Dungeon)

   It releases a powerful concussive burst when it strikes, dealing extra damage
   to the target and all other foes adjacent to them.
 s - the +3 falchion of Winter {venom, rCorr}
   (You bought it in a shop on level 3 of the Dungeon)

   It poisons the flesh of those it strikes.
   rCorr:     It protects you from acid and corrosion.
 v - a +1 demon whip of venom
Missiles
 k - 11 poisoned darts (quivered)
 l - 3 throwing nets
 n - 7 boomerangs
 t - 2 curare-tipped darts
 D - 3 boomerangs of dispersal
 J - 17 stones
 S - 3 atropa-tipped darts
 W - 5 javelins
Armour
 o - +0 ice dragon scales
 p - a -1 crystal plate armour (worn)
 E - a +0 helmet (worn)
 L - a +0 tower shield (worn)
 O - a +0 cloak (worn)
 Y - the +3 pair of seven-league boots (worn) {Rampage+∞}
   (You acquired it on level 13 of the Dungeon)

   Its wearer moves as far as possible in that direction when moving towards
   enemies.
Jewellery
 e - a ring of positive energy
 j - an amulet of regeneration (around neck)
 w - a +4 ring of slaying (right hand)
 P - a ring of see invisible
 X - the ring of Propriety (left hand) {Fly rElec Will+}
   (You found it on level 5 of the Lair of Beasts)

   [ring of flight]

   rElec:     It insulates you from electricity.
   Fly:       It grants you flight.
   Will:      It increases your willpower.
Wands
 b - a wand of paralysis (3)
 z - a wand of flame (23)
 A - a wand of mindburst (21)
 V - a wand of acid (5)
Scrolls
 a - 6 scrolls of fear
 c - a scroll of magic mapping {unknown}
 g - 2 scrolls of amnesia {unknown}
 h - 2 scrolls of brand weapon {unknown}
 i - 2 scrolls of identify
 m - 5 scrolls of fog {unknown}
 r - 2 scrolls of immolation {unknown}
 u - 4 scrolls of enchant weapon {unknown}
 x - 6 scrolls of blinking {unknown}
 y - 4 scrolls of vulnerability {unknown}
 C - 8 scrolls of teleportation {unknown}
 M - 2 scrolls of poison
 T - a scroll of acquirement
Potions
 d - 4 potions of might
 B - a potion of heal wounds
 F - 3 potions of ambrosia
 H - 3 potions of curing
 I - 5 potions of haste
 K - a potion of lignification
 N - a potion of cancellation
 Q - 2 potions of invisibility
 R - 2 potions of mutation
 U - a potion of resistance
 Z - a potion of degeneration {unknown}
Miscellaneous
 G - a phantom mirror


   Skills:
 * Level 11.6 Fighting
 + Level 1.1(5.8) Short Blades
 + Level 9.2(9.3) Long Blades
 + Level 12.9 Maces & Flails
 + Level 8.5 Throwing
 + Level 10.1 Armour
 + Level 3.0 Dodging
 + Level 0.9 Stealth
 + Level 7.4 Shields
 * Level 10.0 Evocations


You had 13 spell levels left.
You didn't know any spells.
Your spell library contained the following spells:

 Spells                   Type           Power      Damage    Failure   Level
 Apportation              Tloc           0%         N/A       100%        1
 Magic Dart               Conj           0%         1d3       100%        1
 Necrotise                Necr           0%         1d4       100%        1
 Sting                    Tmut/Pois      0%         1d3       100%        1
 Summon Small Mammal      Summ           0%         N/A       100%        1
 Call Imp                 Summ           0%         N/A       100%        2
 Ensorcelled Hibernation  Hex/Ice        0%         N/A       100%        2
 Poisonous Vapours        Pois/Air       0%         N/A       100%        2
 Dazzling Flash           Conj/Hex       0%         N/A       100%        3
 Ignite Poison            Fire/Tmut/Pois 0%         N/A       100%        3
 Mephitic Cloud           Conj/Pois/Air  0%         N/A       100%        3
 Spider Form              Tmut/Pois      0%         N/A       100%        3
 Stone Arrow              Conj/Erth      0%         3d7       100%        3
 Anguish                  Hex/Necr       0%         N/A       100%        4
 Animate Armour           Summ/Erth      0%         N/A       100%        4
 Hailstorm                Conj/Ice       0%         3d3       100%        4
 Ice Form                 Ice/Tmut       0%         N/A       100%        4
 Olgreb's Toxic Radiance  Pois           0%         N/A       100%        4
 Agony                    Necr           0%         N/A       100%        5
 Freezing Cloud           Conj/Ice/Air   0%         6-21      100%        5
 Silence                  Hex/Air        0%         N/A       100%        5
 Summon Forest            Summ/Tloc      0%         N/A       100%        5
 Summon Mana Viper        Hex/Summ       0%         N/A       100%        5
 Simulacrum               Ice/Necr       0%         N/A       100%        6
 Summon Cactus Giant      Summ           0%         N/A       100%        6
 Lehudib's Crystal Spear  Conj/Erth      0%         10d2      100%        8


Dungeon Overview and Level Annotations

Branches:
Dungeon (13/15)            Temple (0/1) D:7            Lair (5/5) D:10
 Shoals (0/4) Lair:3       Spider (1/4) Lair:3        Slime (0/5) Lair:4
    Orc (0/2) D:12         Vaults (0/5) D:13

Shops:
D:3 (   D:7 *   D:9 (

Annotations:
D:8 3 runed translucent doors, Fractals's ghost, novice DEIE; Iusername's ghost, novice MiFi; blobycou's ghost, novice DsBe; turdburglar's ghost, novice MiFi; turdburglar's ghost, novice TrGl
D:9 3 runed translucent doors, Whoops's ghost, novice BaFi
D:12 2 transporters, Wyet's ghost, journeyman HOFi
Lair:2 1 runed translucent door, 12572944's ghost, journeyman HOFi
Lair:4 2 transporters, adizb's ghost, journeyman TrBe


Innate Abilities, Weirdness & Mutations

You have an increased reservoir of magic. (+10% MP)
You shall have no god before yourself.
Your divine heritage dramatically boosts your attributes as you level up.
You are partially covered in iridescent scales. (AC +2)
Your system is resistant to poisons. (rPois)
Your muscles are strong. (Str +4, Int/Dex -1)


Message History

You are lightly contaminated with residual magic.
You hit the radroach but do no damage.
The radroach is lightly wounded.
The radroach erupts in a fountain of uncontrolled magic!
You are blasted with magical radiation!!
* * * LOW HITPOINT WARNING * * *
You are contaminated with residual magic.
You sock the radroach!
The radroach shudders.
The radroach is heavily wounded. x2
The radroach erupts in a fountain of uncontrolled magic!
You are blasted with magical radiation!
* * * LOW HITPOINT WARNING * * *
The radroach attacks as you move away!
The radroach bites you but does no damage.
The radroach claws you but does no damage.
The radroach attacks as you move away! You block the radroach's attack.
The radroach claws you.
* * * LOW HITPOINT WARNING * * *
The radroach attacks as you move away! The radroach bites you!
* * * LOW HITPOINT WARNING * * *
You block the radroach's attack. The radroach attacks as you move away!
The radroach bites you but does no damage.
The radroach completely misses you. The radroach attacks as you move away!
The radroach bites you but does no damage.
The radroach claws you but does no damage.
The radroach attacks as you move away! You block the radroach's attack.
The radroach claws you but does no damage.
The radroach attacks as you move away! The radroach bites you!
* * * LOW HITPOINT WARNING * * *
The radroach claws you but does no damage.
You feel much better.
The radroach looks more healthy.
The radroach bites you.
* * * LOW HITPOINT WARNING * * *
You block the radroach's attack.
You barely miss the radroach.
The radroach is heavily wounded.
The radroach erupts in a fountain of uncontrolled magic!
You are blasted with magical radiation!!
You die...

### ##### ## ##.## #########...#
####.######...#####........######
......##........@B...........# #.
#.....^..##.........#####....# #.
.........##........## #..### #.
.........##......##.# ###.####.
.†.......###..^####.## #......
.........# ###.# ##.# ##†.....
......##.## #### #^#####.###...
.....###..###.## ####.##..†######
##.### #...#.#.###..#........####


You could see a radroach.

Vanquished Creatures
  Rupert (Lair:5)
  An entropy weaver (Spider:1)
  Snorg (Lair:4)
  3 hydras
  An ice dragon (D:13)
  A boulder beetle (Lair:1)
  2 vault guards (D:13)
  2 two-headed ogres
  Erica (Lair:1)
  3 centaur warriors (D:13)
  17 death yaks
  A fire crab (Lair:5)
  Amaemon (D:10)
  A steelbarb worm (Spider:1)
  A sun moth (Spider:1)
  A wizard (D:13)
  An orb spider (Spider:1)
  An orc knight (D:13)
  2 deep elf pyromancers
  An ugly thing (D:13)
  A necromancer (D:13)
  3 wolf spiders
  A mana viper (shapeshifter) (D:13)
  An orc sorcerer (D:13)
  A cyclops (D:13)
  4 black mambas
  9 elephants (Lair:5)
  2 torpor snails
  14 cane toads
  2 orange demons
  4 unseen horrors
  Maggie (D:7)
  3 gargoyles
  2 efreet (D:13)
  2 hellwings (D:11)
  A red devil (D:11)
  9 komodo dragons
  A merfolk (Lair:3)
  4 trolls
  6 polar bears (Lair:5)
  4 hornets
  8 blink frogs
  A slime creature (D:8)
  4 tarantellas (Spider:1)
  3 jumping spiders (Spider:1)
  2 dream sheep (Lair:5)
  2 culicivoras (Spider:1)
  A shadow (D:11)
  4 wyverns
  12 spriggans (Lair:5)
  2 wraiths (D:11)
  2 vampires
  Eustachio (D:4)
  A basilisk (Lair:1)
  13 yaks
  21 humans (D:13)
  2 steam dragons
  3 vampire mosquitoes
  13 redbacks
  A warg (D:13)
  Duvessa (D:5)
  12 water moccasins
  6 orc warriors
  3 ice beasts
  6 black bears
  6 ogres
  5 boggarts (Lair:5)
  2 centaurs (D:8)
  28 wolves
  2 phantoms
  2 kobold brigands
  12 bullfrogs
  2 necrophages (D:5)
  5 scorpions
  2 gnoll sergeants
  5 wights (D:7)
  Dowan (D:5)
  12 killer bees
  An electric eel (Lair:4)
  4 howler monkeys
  5 quasits (D:11)
  8 hounds
  11 jellies
  A gnoll bouda (D:8)
  9 orc priests
  4 iguanas
  14 orc wizards
  Natasha (thrice) (D:4)
  20 gnolls
  2 adders (D:2)
  An ufetubus (D:4)
  2 worms
  3 dart slugs
  71 orcs
  10 endoplasms
  A giant cockroach (D:1)
  8 goblins
  12 hobgoblins
  7 jackals
  19 kobolds
  4 quokkas
  5 ball pythons
  2 bats
  4 frilled lizards
  5 rats
562 creatures vanquished.

Vanquished Creatures (others)
  2 demonic plants (D:11)
  14 fungi
  20 plants
36 creatures vanquished.

Grand Total: 598 creatures vanquished

Notes
Turn   | Place    | Note
-------+----------+-------------------------------------------
     0 | D:1      | Kazon the Demigod Fighter began the quest for the Orb.
     0 | D:1      | Reached XP level 1. HP: 18/18 MP: 3/3
    33 | D:1      | Identified a scroll of acquirement
    33 | D:1      | Acquired 886 gold pieces
   488 | D:1      | Reached XP level 2. HP: 24/25 MP: 4/4
  1272 | D:3      | Found Umat's Antique Weapon Boutique.
  1509 | D:2      | Reached XP level 3. HP: 14/31 MP: 5/5
  1793 | D:2      | Reached skill level 1 in Dodging
  1899 | D:2      | Reached XP level 4. HP: 38/38 MP: 6/6
  2706 | D:3      | Bought a crude falchion for 184 gold pieces
  2706 | D:3      | Identified the +3 falchion of Winter {venom, rCorr} (You
                  | bought it in a shop on level 3 of the Dungeon)
  3141 | D:4      | Noticed an ogre
  3150 | D:4      | Killed an ogre
  3151 | D:4      | Reached skill level 1 in Throwing
  3151 | D:4      | Reached XP level 5. HP: 13/45 MP: 7/7
  3205 | D:4      | Noticed Natasha
  3217 | D:4      | Killed Natasha
  3247 | D:4      | Reached XP level 6. HP: 50/51 MP: 8/8
  3323 | D:4      | Noticed Eustachio
  3344 | D:4      | Killed Eustachio
  3345 | D:4      | Reached skill level 1 in Short Blades
  3484 | D:4      | Noticed Natasha
  3490 | D:4      | Killed Natasha
  3497 | D:4      | Reached XP level 7. HP: 48/58 MP: 9/9
  3668 | D:4      | Noticed Natasha
  3679 | D:4      | Killed Natasha
  4004 | D:5      | Entered Level 5 of the Dungeon
  4172 | D:5      | Noticed Dowan
  4173 | D:5      | Noticed Duvessa
  4186 | D:5      | Killed Duvessa
  4187 | D:5      | Reached skill level 5 in Long Blades
  4187 | D:5      | Reached XP level 8. HP: 57/67 MP: 10/10
  4202 | D:5      | Killed Dowan
  4203 | D:5      | Reached skill level 5 in Armour
  4203 | D:5      | Reached skill level 1 in Evocations
  4809 | D:6      | Reached skill level 5 in Fighting
  4833 | D:6      | Found the +6 shillelagh "Devastator" {shatter}
  5340 | D:6      | Reached XP level 9. HP: 74/74 MP: 11/11
  5443 | D:7      | Reached skill level 1 in Maces & Flails
  5478 | D:7      | Gained mutation: You are partially covered in iridescent
                  | scales. (AC +2) [potion of mutation]
  5478 | D:7      | Gained mutation: You have hidden genetic potential. [potion
                  | of mutation]
  5584 | D:7      | Found Binerhev's Lightly-Used Armoury.
  5591 | D:7      | Bought a -2 crystal plate armour for 980 gold pieces
  5644 | D:7      | Noticed Maggie
  5653 | D:7      | Killed Maggie
  5654 | D:7      | Reached skill level 2 in Maces & Flails
  6063 | D:7      | Found a staircase to the Ecumenical Temple.
  6076 | D:7      | Reached skill level 3 in Maces & Flails
  6476 | D:8      | Reached skill level 4 in Maces & Flails
  6593 | D:8      | Noticed a gargoyle
  6601 | D:8      | Killed a gargoyle
  6602 | D:8      | Reached XP level 10. HP: 56/84 MP: 13/13
  6657 | D:8      | Reached skill level 5 in Maces & Flails
  6669 | D:8      | Gained mutation: Your muscles are strong. (Str +4, Int/Dex
                  | -1) [hidden potential]
  6702 | D:8      | Identified the +6 great sword of the Gloaming {distort, rC+
                  | Will+ Dex+4}
  6818 | D:8      | Reached skill level 6 in Maces & Flails
  6824 | D:8      | Reached skill level 5 in Evocations
  6844 | D:8      | Found a runed translucent gate.
  6845 | D:8      | Found a runed translucent gate.
  6845 | D:8      | Found a runed translucent gate.
  7121 | D:8      | Noticed turdburglar's ghost (novice TrGl)
  7121 | D:8      | Noticed Fractals's ghost (novice DEIE)
  7122 | D:8      | Noticed turdburglar's ghost (novice MiFi)
  7122 | D:8      | Noticed blobycou's ghost (novice DsBe)
  7122 | D:8      | Noticed Iusername's ghost (novice MiFi)
  7175 | D:9      | Reached skill level 7 in Maces & Flails
  7445 | D:9      | Found Sudgh's Antique Weapon Shop.
  7542 | D:9      | Found a runed translucent gate.
  7543 | D:9      | Found a runed translucent gate.
  7543 | D:9      | Found a runed translucent gate.
  7634 | D:9      | Noticed Whoops's ghost (novice BaFi)
  7775 | D:10     | Entered Level 10 of the Dungeon
  7997 | D:10     | Noticed a death yak
  7997 | D:10     | Noticed a death yak
  8010 | D:10     | Noticed a death yak
  8012 | D:10     | Noticed a death yak
  8026 | D:10     | Killed a death yak
  8026 | D:10     | Noticed a death yak
  8033 | D:10     | Killed a death yak
  8034 | D:10     | Reached skill level 8 in Maces & Flails
  8034 | D:10     | Reached XP level 11. HP: 55/92 MP: 14/14
  8037 | D:10     | Killed a death yak
  8037 | D:10     | Killed a death yak
  8038 | D:10     | Reached skill level 5 in Shields
  8039 | D:10     | Killed a death yak
  8057 | D:10     | Found a staircase to the Lair.
  8060 | D:10     | Gained mutation: Your system is resistant to poisons.
                  | (rPois) [hidden potential]
  8060 | D:10     | Lost mutation: You have hidden genetic potential. [hidden
                  | potential expressed]
  8118 | D:10     | Noticed Amaemon
  8123 | D:10     | Killed Amaemon
  8149 | D:10     | Reached skill level 9 in Maces & Flails
  8229 | D:10     | Paralysed by a hornet for 1 turns
  8494 | Lair:1   | Entered Level 1 of the Lair of Beasts
  8582 | Lair:1   | Noticed Erica
  8609 | Lair:1   | Killed Erica
  8741 | Lair:1   | Upgraded the game from 0.29.0-4-gdea44cf6ec to
                  | 0.29.0-5-ge4962eb29e
  8891 | Lair:1   | Noticed a seven-headed hydra
  8903 | Lair:1   | Killed a one-headed hydra
  9152 | Lair:2   | Noticed a death yak
  9153 | Lair:2   | Noticed a death yak
  9155 | Lair:2   | Noticed a death yak
  9155 | Lair:2   | Noticed a death yak
  9167 | Lair:1   | Killed a death yak
  9198 | Lair:2   | Noticed a boulder beetle
  9212 | Lair:1   | Killed a boulder beetle
  9285 | Lair:1   | Reached XP level 12. HP: 67/103 MP: 15/15
  9375 | Lair:2   | Reached skill level 5 in Throwing
  9645 | Lair:2   | Reached skill level 10 in Maces & Flails
  9975 | Lair:2   | Found a runed translucent door.
  9977 | Lair:2   | Noticed 12572944's ghost (journeyman HOFi)
  9978 | Lair:2   | Identified the +7 spear of Nidonaen {spect, rF+ rC+++ Will-
                  | Str-4}
 10342 | Lair:3   | Found a staircase to the Shoals.
 10756 | Lair:3   | Found a hole to the Spider Nest.
 11146 | Lair:4   | Found a staircase to the Slime Pits.
 11209 | Lair:4   | Found a transporter.
 11216 | Lair:4   | Noticed adizb's ghost (journeyman TrBe)
 11239 | Lair:4   | Noticed a seven-headed hydra
 11266 | Lair:4   | Found a transporter.
 11392 | Lair:4   | Reached XP level 13. HP: 113/113 MP: 16/16
 11791 | Lair:4   | Noticed Snorg
 11797 | Lair:4   | Killed Snorg
 12120 | Lair:5   | Entered Level 5 of the Lair of Beasts
 12149 | Lair:5   | Noticed Rupert
 12287 | Lair:5   | Reached skill level 10 in Fighting
 12469 | Lair:5   | Reached skill level 11 in Maces & Flails
 12607 | Lair:5   | Killed Rupert
 13112 | Lair:5   | Identified the ring of Propriety {Fly rElec Will+}
 13765 | D:11     | Reached skill level 12 in Maces & Flails
 13812 | D:11     | You are sucked into a shaft and drop 1 floor!
 13823 | D:12     | Noticed Wyet's ghost (journeyman HOFi)
 13843 | D:12     | Found a staircase to the Orcish Mines.
 13908 | D:12     | Found a gate leading to a gauntlet.
 14574 | D:12     | Found a transporter.
 14720 | D:12     | Found a transporter.
 14940 | D:13     | Reached XP level 14. HP: 54/122 MP: 17/17
 15338 | D:13     | Acquired the +3 pair of seven-league boots {Rampage+∞}
 15338 | D:13     | Found the +3 pair of seven-league boots {Rampage+∞}
 15603 | D:13     | Reached skill level 10 in Armour
 15644 | D:13     | Found a gate to the Vaults.
 15854 | Spider:1 | Entered Level 1 of the Spider Nest
 16275 | Spider:1 | Reached skill level 10 in Evocations
 16509 | Spider:1 | HP: 4/124 [radroach (14)]
 16516 | Spider:1 | HP: 1/124 [radroach (11)]
 16519 | Spider:1 | Mangled by a radroach

Illustrated notes

Levels and vault maps discovered:
D:1:      dpeg_arrival_three_smaller_balls, layout_basic
D:2:      layout_loops_ring
D:3:      layout_basic, serial_shops, nicolae_shop_stone, st_stairs_7
D:4:      minmay_razor_zed, layout_basic, worldfamousw_hep_ancestral_shrine,
          uniq_eustachio, uniq_natasha
D:5:      layout_basic, uniq_duvessa
D:6:      layout_rooms, dilly_guarded_unrand_devastator
D:7:      layout_basic, nicolae_uskayaw_dance_hall,
          mainiacjoe_overflow_six_doors_small,
          minmay_temple_entry_drinking_statues, serial_rivers,
          chequers_serial_rivers_micro_b, chequers_serial_rivers_small_a,
          chequers_serial_rivers_small_a, chequers_serial_rivers_large_a,
          chequers_serial_rivers_micro_a, minmay_shop_damaged, uniq_maggie
D:8:      minmay_tri_box, layout_loops_ring, gammafunk_ghost_cemetery,
          minmay_manual_mares
D:9:      layout_gridville, serial_shops, nicolae_take_the_stairs,
          gammafunk_ghost_ooze, minivault_11
D:10:     layout_roguey, dpeg_lair_monsters, uniq_amaemon
D:11:     layout_cave_pods, serial_demonic, serial_demonic_e, serial_demonic_f,
          serial_demonic_c, serial_demonic_f
D:12:     layout_roguey, david_orc_2, gauntlet_entry_generic,
          gammafunk_ghost_wrathful_warriors
D:13:     layout_cave_pools, grunt_vaults_entry_tiered, amcnicky_mini_pool_small
Lair:1:   layout_long_grid, patterned_corridor, grunt_megastairs_3,
          lemuel_fruit_tree, uniq_erica
Lair:2:   layout_gridlike, ebering_ghost_funeral_grove,
          nicolae_lair_run_with_the_wolves, serial_bayou_shore_b
Lair:3:   layout_layer_cave, elwin_shoals_entry_rooms, spider_nest_entry_webs
Lair:4:   layout_layer_cave, minmay_slime_entry_jelly_boxes,
          gammafunk_ghost_berserking_beasts, serial_bayou_shore_b,
          infiniplex_staircase_pool, lemuel_fruit_fields, serial_bayou_shore_a,
          uniq_snorg
Lair:5:   minmay_lair_end_enchanted_forest, layout_regular_city, serial_rivers,
          chequers_serial_rivers_small_3, chequers_serial_rivers_micro_e,
          chequers_serial_rivers_micro_e, chequers_serial_rivers_room_b,
          uniq_rupert
Spider:1: layout_chambers, nicolae_spider_undead_wolf_pack

Skill      XL: |  1  2  3  4  5  6  7  8  9 10 11 12 13 14 |
---------------+-------------------------------------------+-----
Fighting       | 3 4 5 6 7 8 9 10 11 | 11.6
Long Blades    | 2 3 4 5 6 7 8 9 |  9.2
Armour         | 3 4 5 6 7 8 9 10 | 10.1
Dodging        | 1 2 3 |  3.0
Shields        | 3 4 5 6 7 |  7.4
Throwing       | 1 2 3 4 6 8 |  8.5
Short Blades   | 1 |  1.1
Evocations     | 2 4 5 7 8 9 10 | 10.0
Maces & Flails | 4 8 9 10 12 | 12.9
Stealth        | |  0.9

Action                   |  1- 3 |  4- 6 |  7- 9 | 10-12 | 13-15 || total
-------------------------+-------+-------+-------+-------+-------++-------
Melee: Long sword        |   111 |    11 |       |       |       ||   122
       Dagger            |       |    31 |       |       |       ||    31
       Falchion          |       |    90 |   212 |   164 |   102 ||   568
       Shillelagh        |       |       |    94 |   206 |   336 ||   636
       Scimitar          |       |       |       |    36 |     3 ||    39
Throw: Dart              |     5 |     3 |     6 |    57 |    76 ||   147
       Stone             |       |     8 |    49 |    77 |    32 ||   166
       Boomerang         |       |       |       |    28 |    20 ||    48
       Javelin           |       |       |       |       |     3 ||     3
Evoke: Wand              |       |       |       |       |     3 ||     3
  Use: Scroll            |     1 |       |     1 |     7 |     8 ||    17
       Potion            |       |       |     5 |       |     1 ||     6
Armor: Scale mail        |    41 |    71 |    99 |       |       ||   211
       Crystal plate arm |       |       |    33 |   241 |   294 ||   568
Dodge: Dodged            |    77 |    58 |   119 |    96 |    92 ||   442
Block: Buckler           |    26 |    26 |    69 |    96 |    60 ||   277
       Kite shield       |       |       |       |       |    62 ||    62
       Tower shield      |       |       |       |       |    84 ||    84
